 Dungeon Crawl Stone Soup version 0.17-a0-1337-ge651487 (webtiles) character file.

102 nuthulu the Digger (level 4, 0/24 HPs)
             Began as a Gargoyle Earth Elementalist on June 10, 2015.
             Killed from afar by a white imp (3 damage)
             ... with a puff of frost
             ... summoned by Natasha
             ... on level 2 of the Dungeon.
             The game lasted 00:08:27 (2014 turns).

nuthulu the Digger (Gargoyle Earth Elementalist)    Turns: 2014, Time: 00:08:27

Health: 0/24       AC:  5    Str: 16      XL:     4   Next: 77%
Magic:  7/8        EV: 11    Int: 15      God:
Gold:   90         SH:  0    Dex:  6 (8)  Spells: 2 memorised, 5 levels left

rFire  . . .     SeeInvis .     a - 66 stones
rCold  . . .     Clarity  .     b - +0 robe
rNeg   + . .     SustAt   .     (no shield)
rPois  ∞         Gourm    .     (no helmet)
rElec  +         Spirit   .     (no cloak)
rCorr  .         Warding  .     (no gloves)
rMut   .         Stasis   .     (no boots)
MR     .....                    (no amulet)
Stlth  +.........               (no ring)
                                (no ring)

@: confused, mighty, not resistant to hostile enchantments, very unstealthy
A: blurry vision 1, clumsy 1, dopey 1, negative energy resistance 1, electricity
resistance, unbreathing, petrification resistance, rot immunity, AC +3
a: no special abilities


You were on level 2 of the Dungeon.
You were not hungry.

You visited 1 branch of the dungeon, and saw 2 of its levels.

You collected 90 gold pieces.

Inventory:

Hand weapons
 o - a +1 whip of draining
Missiles
 a - 66 stones (in hand)
Armour
 b - a +0 robe (worn)
 k - a +0 leather armour of poison resistance
Scrolls
 e - a scroll of magic mapping
 g - a scroll of enchant weapon
 h - 2 scrolls of remove curse
 l - 2 scrolls of noise {unknown}
Potions
 i - a potion of resistance
 j - a potion of flight
Books
 c - a book of Geomancy

   Spells                             Type                      Level
   a - Sandblast                      Earth                        1
   b - Stoneskin                      Transmutation/Earth          2
   c - Passwall                       Transmutation/Earth          3
   d - Stone Arrow                    Conjuration/Earth            3
   e - Petrify                        Transmutation/Earth          4
   f - Lee's Rapid Deconstruction     Earth                        5
 n - a book of the Tempests

   Spells                             Type                      Level
   a - Static Discharge               Conjuration/Air              3
   b - Lightning Bolt                 Conjuration/Air              5
   c - Fireball                       Conjuration/Fire             5
   d - Tornado                        Air                          9
   e - Shatter                        Earth                        9
Comestibles
 d - 4 bread rations
 f - 2 royal jellies


   Skills:
 - Level 1.5 Dodging
 - Level 2.1 Stealth
 * Level 3.3 Spellcasting
   Level 0.7 Transmutations
 * Level 5.3 Earth Magic


You had 5 spell levels left.
You knew the following spells:

 Your Spells              Type           Power        Failure   Level  Hunger
a - Sandblast             Erth           ###...       1%          1    #......
b - Stone Arrow           Conj/Erth      ##....       24%         3    ###....


Dungeon Overview and Level Annotations

Branches:
Dungeon (2/15)

Altars:

Annotations:
D:2 Natasha


Innate Abilities, Weirdness & Mutations

You are resistant to torment.
Your stone body is resilient (AC +3).
You are immune to poison.
You resist negative energy.
You are resistant to electric shocks.
You can survive without breathing.
You are immune to petrification.
You are immune to rotting.
Scrolls take you a little longer to read.
You are clumsy. (Dex -2)
You are dopey. (Int -2)


Message History

The crimson imp hits you but does no damage.
The white imp misses you. Natasha claws you but does no damage.
The iron imp hits you!
The crimson imp blinks!
The white imp barely misses you.
Natasha zaps a wand.
You are more confused.
The iron imp misses you. The white imp gestures at you.
The puff of frost hits you!
Unknown command.
Unknown command.
Drink which item? (? for menu, Esc to quit)
You feel very mighty all of a sudden.
Natasha gestures.
You have a terrible headache.
Natasha stares at you and mumbles some strange words.
The magic dart hits you!
* * * LOW HITPOINT WARNING * * *
The white imp gestures at you. The puff of frost hits you!
You die...

#.##...##.###.......##
#.#....##. ..........#
##..)..## #.##...##.
.#.#.###### ##...## #.........
......# ##'###########.####
.#.#.## #.5......# #.# ......#
#..#####.# #.# .#.#.######
#..## #.# #.#
........##.####...## #.# #.#
.#.#.##.#.#....$@5.###.# #.#
......#.##.####..h..##.#####.#
.#.#.#.....# #..5...........#
......#.#### #........#######
.#.#.#..# ##.####### ......###
#.# .#<#.## #.# .....†#####
#.# .#.#.#....######.##


You could see an iron imp, Natasha, a crimson imp and a white imp.

Vanquished Creatures
  Natasha (D:2)
  3 adders (D:2)
  2 oozes
  A worm (D:2)
  A giant gecko (D:1)
  3 bats
  3 giant cockroaches (D:1)
  5 hobgoblins
  2 quokkas (D:2)
  3 ball pythons
  3 giant newts (D:1)
  3 goblins (D:1)
  7 kobolds
  3 rats
40 creatures vanquished.

Notes
Turn   | Place    | Note
--------------------------------------------------------------
     0 | D:1      | nuthulu the Gargoyle Earth Elementalist began the quest for the Orb.
     0 | D:1      | Reached XP level 1. HP: 10/10 MP: 3/3
   274 | D:1      | Reached XP level 2. HP: 15/15 MP: 3/5
   287 | D:1      | Reached skill level 4 in Earth Magic
   752 | D:1      | Reached XP level 3. HP: 19/19 MP: 1/6
   758 | D:1      | Learned a level 3 spell: Stone Arrow
  1171 | D:2      | Gained mutation: You are clumsy. (Dex -2) [potion of mutation]
  1171 | D:2      | Gained mutation: Scrolls take you a little longer to read. [potion of mutation]
  1171 | D:2      | Gained mutation: You are dopey. (Int -2) [potion of mutation]
  1375 | D:2      | Reached XP level 4. HP: 20/24 MP: 4/8
  1477 | D:2      | Noticed Natasha
  1487 | D:2      | Killed Natasha
  1487 | D:2      | Reached skill level 5 in Earth Magic
  2001 | D:2      | Noticed Natasha
  2014 | D:2      | Killed from afar by a white imp

Vault maps used:
D:1:      dpeg_arrival_court
D:2:      first_bread, st_stairs_12, uniq_natasha

Action                   |  1- 3 |  4- 6 || total
-------------------------+-------+-------++-------
Melee: Unarmed           |     8 |       ||     8
 Cast: Sandblast         |    61 |    14 ||    75
  Use: Scroll            |     5 |     1 ||     6
       Potion            |     3 |     4 ||     7
  Eat: Chunk             |     2 |     2 ||     4
